 Dungeon Crawl Stone Soup version 0.31-a0-833-gc15d34cb79 (webtiles) character file.

Game seed: 13875654361888440210

60 avis the Changeling (level 3, -2/16 HPs)
             Began as a Felid Shapeshifter on Sept 26, 2023.
             Was an Initiate of Gozag.
             Slain by an iguana (14 damage)
             ... on level 5 of the Dungeon.
             The game lasted 00:09:29 (2335 turns).

avis the Changeling (Felid Shapeshifter)            Turns: 2335, Time: 00:09:30

Health: -2/16      AC:  1    Str: 12    XL:     3   Next: 82%
Magic:  4/4        EV: 17    Int: 11    God:    Gozag
Gold:   107        SH:  0    Dex: 15    Spells: 2/2 levels left
                                        Lives:  0   Deaths: 1

rFire   . .          .
                       - Unarmed
rCold   . . .        (shield unavailable)
rNeg    . . .        (body armour unavailable)
rPois   .            (helmet unavailable)
rElec   .            (cloak unavailable)
rCorr   .            (gloves unavailable)
SInv    +            (boots unavailable)
Will    .....        (no amulet)
Stlth   +            (no ring)
HPRegen 0.22/turn    (no ring)
MPRegen 0.09/turn

%: no passive effects
@: beast-form, quick
A: beast (slay +2), very small, claws 1, fangs 3, see invisible, speed 1, shaggy
fur 1, stealthy paws, no weapons or thrown items, no armour, multi-lived
a: Begin Untransformation, Renounce Religion, Potion Petition, Call Merchant,
Bribe Branch


You were on level 5 of the Dungeon.
You worshipped Gozag.
Gozag was aware of your devotion.
You were a hulking beast.
You visited 2 branches of the dungeon, and saw 6 of its levels.

You collected 180 gold pieces.
You paid 73 gold pieces to Gozag.

Inventory:

Talismans
 b - a beast talisman (active)
 f - a flux talisman
Scrolls
 c - a scroll of identify {unknown}
 h - 2 scrolls of butterflies {unknown}
 i - a scroll of fear {unknown}
 k - a scroll of noise {unknown}
Potions
 a - 2 potions of lignification
 d - a potion of experience {unknown}
 e - a potion of attraction {unknown}
 g - a potion of curing {unknown}
 j - a potion of magic {unknown}


   Skills:
 - Level 2.0 Fighting
 - Level 3.0 Dodging
 - Level 3.0 Unarmed Combat
 * Level 4.5 Shapeshifting


You had 2 spell levels left.
You didn't know any spells.
Your spell library contained the following spells:

 Spells                   Type           Power      Damage    Failure   Level
 Gell's Gravitas          Tloc           0%         N/A       71%         3
 Teleport Other           Tloc           0%         N/A       71%         3
 Borgnjor's Vile Clutch   Necr/Erth      0%         N/A       100%        5
 Death Channel            Necr           0%         N/A       100%        6
 Dispersal                Tloc           0%         N/A       100%        6
 Animate Dead             Necr           Unusable   N/A       N/A         4

Dungeon Overview and Level Annotations

Branches:
Dungeon (5/15)             Temple (1/1) D:4

Altars:
Ashenzari
Elyvilon
Gozag
Kikubaaqudgha
Makhleb
Nemelex Xobeh
Qazlal
Sif Muna
Trog
Uskayaw
Vehumet
Yredelemnul
Zin
The Shining One

Shops:
D:1 [[

Annotations:
D:3 Sigmund
D:4 Menkaure


Innate Abilities, Weirdness & Mutations

You are a hulking beast.
Your limbs bulge with bestial killing power. (Slay +2)
You have sharp claws.
You have razor-sharp teeth.
You have supernaturally acute eyesight. (SInv)
You cover ground quickly. (Speed+)
You are covered in fur. (AC +1)
Your paws help you pounce on unaware monsters.
You are incapable of wielding weapons or throwing items.
You cannot wear armour.
You gain extra lives every three experience levels.


Message History

* * * LOW HITPOINT WARNING * * *
The orc wizard points at you and mumbles some strange words.
You resist with some effort. The orc hits you but does no damage.
You cannot move. (Use ctrl+direction or * direction to attack while stationary and confused.)
You cannot move. (Use ctrl+direction or * direction to attack while stationary and confused.)
You barely miss the iguana.
The iguana is severely wounded.
The iguana bites you.
You die...
Your shape twists and changes as you die.
The orc wizard hits you but does no damage.
The orc hits you but does no damage.
You feel less wooden.
You turn into a hulking beast.
You rejoin the land of the living...
You barely miss the orc. The orc completely misses you.
You barely miss the orc. Your bite misses the orc. The orc barely misses you.
You closely miss the orc. The orc hits you with a +0 dagger.
You scratch the orc.
The orc is almost dead.
The orc hits you with a +0 dagger.
You scratch the orc.
You kill the orc!
You now have 107 gold pieces (gained 8).
Things that are here:
a +0 dagger; a +0 leather armour You start resting.
An iguana is nearby!
You barely miss the iguana.
The iguana is severely wounded.
The iguana misses you.
You barely miss the iguana.
The iguana is severely wounded.
The iguana closely misses you.
You scratch the iguana but do no damage.
The iguana is severely wounded.
The iguana bites you!
Ouch! That really hurt!
You die...
Your body crumbles into a pile of gold.

###.##### #.#
........# #.#
###.......# #..
.#.......# #.#
........# #.#
#o......###.####
#lo....o.......#
#$o......##.##l#
########.##..#h#
##.#.# #.......#
......#.#
###...#..
######.# .# .#
..


You could see an iguana.

Vanquished Creatures
  A worm (D:2)
  2 dart slugs
  5 orcs
  5 endoplasms
  A goblin (D:1)
  2 hobgoblins
  7 jackals
  3 quokkas
  5 ball pythons
  5 bats
  2 frilled lizards (D:2)
  2 kobolds
  2 rats
42 creatures vanquished.

Notes
Turn   | Place    | Note
-------+----------+-------------------------------------------
     0 | D:1      | avis the Felid Shapeshifter began the quest for the Orb.
     0 | D:1      | Reached XP level 1. HP: 9/9 MP: 2/2
    14 | D:1      | Found Xoasuy's Armour Shop.
   137 | D:1      | Found Fits's Antique Armour Shoppe.
   311 | D:1      | Reached XP level 2. HP: 13/13 MP: 3/3
  1141 | D:2      | Reached XP level 3. HP: 16/16 MP: 4/4
  1180 | D:2      | Reached skill level 4 in Shapeshifting
  2034 | D:3      | Noticed Sigmund
  2195 | D:4      | Found a staircase to the Ecumenical Temple.
  2202 | Temple   | Entered the Ecumenical Temple
  2225 | Temple   | Became a worshipper of Gozag Ym Sagoz the Greedy
  2263 | D:4      | Noticed Menkaure
  2296 | D:5      | Entered Level 5 of the Dungeon
  2306 | D:5      | Slain by an iguana
  2335 | D:5      | Slain by an iguana

Illustrated notes

Levels and vault maps discovered:
D:1:      kennysheep_arrival_forest, layout_loops_corners, serial_shops,
          nicolae_shop_just_a_little_nook, shop
D:2:      layout_loops_ring, kennysheep_doodads
D:3:      layout_basic, uniq_sigmund
D:4:      layout_loops_corners, nicolae_overflow_two_pavilions,
          minmay_temple_entry_tees, nzn_random_ring, uniq_menkaure
D:5:      cheibrodos_fzero, layout_loops_cross, nzn_wu_jian_contemplation,
          uniq_ijyb, uniq_crazy_yiuf_cottage, uniq_pikel, uniq_blork_the_orc
Temple:   minmay_temple_curvy_branch

Skill      XL: |  1  2  3 |
---------------+----------+-----
Fighting       | 2 |  2.0
Dodging        | 3 |  3.0
Shapeshifting  | 4 |  4.5
Unarmed Combat | |  3.0

Action                     || total
---------------------------++-------
  Melee: Unarmed           ||    96
         Bite              ||    10
         Punch             ||     1
    Use: Potion            ||     1
   Stab: Sleeping          ||     4
 Armour: Skin              ||    22
  Dodge: Dodged            ||    56

Table legend: (Time is in decaauts)
 A = Elapsed time spent in this place.
 B = Non-inter-level travel time spent in this place.
 C = Inter-level travel time spent in this place.
 D = Time resting spent in this place.
 E = Time spent auto-exploring this place.
 F = Levels seen in this place.
 G = Mean time per level.
                   A        B        C        D        E       F      G
               +--------+--------+--------+--------+--------+-----+--------+
         Total |   1918 |   1723 |    195 |     71 |   1155 |   6 |  319.7 |
       Dungeon |   1879 |   1715 |    164 |     71 |   1155 |   5 |  375.8 |
        Temple |     38 |      8 |     30 |      0 |      0 |   1 |   38.0 |
               +--------+--------+--------+--------+--------+-----+--------+

Top non-repeatable levels by time:
     D:1: 822 daAuts
     D:2: 661 daAuts
     D:3: 274 daAuts
     D:4: 86 daAuts
  Temple: 38 daAuts
     D:5: 35 daAuts
